 Dungeon Crawl Stone Soup version 0.31.0-9-g3a7656b989 (webtiles) character file.

Game seed: 958411523439983841

206 qw the Skirmisher (level 5, 0/29 HPs)
             Began as a Deep Elf Hunter on Feb 2, 2024.
             Incinerated by a bombardier beetle (4 damage)
             ... with a burning spray
             ... on level 4 of the Dungeon.
             The game lasted 00:00:07 (2038 turns).

qw the Skirmisher (Deep Elf Hunter)                 Turns: 2038, Time: 00:00:08

Health: 0/29       AC:  4    Str: 10    XL:     5   Next: 53%
Magic:  7/7        EV: 12    Int: 14    God:
Gold:   147        SH:  0    Dex: 18    Spells: 4/4 levels left

rFire   . . .        a - +0 shortbow
rCold   . . .        (shield currently unavailable)
rNeg    . . .        c - +0 leather armour
rPois   .            k - +0 helmet
rElec   .            g - scarf {repulsion}
rCorr   .            (no gloves)
SInv    .            (no boots)
Will    .....        (no amulet)
Stlth   +            (no ring)
HPRegen 0.24/turn    (no ring)
MPRegen 0.10/turn

%: repel missiles
@: on fire, glowing
A: no striking features
a: no special abilities


You were on level 4 of the Dungeon.
You visited 1 branch of the dungeon, and saw 4 of its levels.

You collected 147 gold pieces.


   Skills:
 - Level 1.5 Fighting
 - Level 9.1 Ranged Weapons
 + Level 2.4 Dodging
 - Level 1.2 Stealth


You had 4 spell levels left.
You didn't know any spells.
Your spell library was empty.

Inventory:

Hand Weapons
 a - a +0 shortbow (weapon)
Armour
 b - a +0 pair of gloves
 c - a +0 leather armour (worn)
 g - a scarf of repulsion (worn)
 k - a +0 helmet (worn)
Potions
 e - a potion of curing
 f - a potion of might {unknown}
 h - a potion of mutation {unknown}
 j - a potion of ambrosia {unknown}

Dungeon Overview and Level Annotations

Branches:
Dungeon (4/15)
 Temple: D:4-7

Altars:
Hepliaklqana
Makhleb
Zin


Message History

HP restored.
You see here a +3 dagger of draining.
b - a +0 pair of gloves You now have 147 gold pieces (gained 19).
A bombardier beetle comes into view.
You shoot an arrow. The arrow hits the bombardier beetle.
The bombardier beetle is moderately wounded.
You shoot an arrow. The arrow hits the bombardier beetle.
The bombardier beetle is moderately wounded.
You shoot an arrow. The arrow hits the bombardier beetle.
The bombardier beetle is severely wounded.
You shoot an arrow.
The arrow closely misses the bombardier beetle.
The bombardier beetle sprays incendiary fluid at you.
The burning spray hits you.
You are covered in liquid fire!
You shoot an arrow. The arrow hits the bombardier beetle.
The bombardier beetle is almost dead.
The liquid fire burns you!
You shoot an arrow.
The arrow hits the bombardier beetle but does no damage.
The bombardier beetle is almost dead.
The liquid fire burns you!
You shoot an arrow. The arrow hits the bombardier beetle.
You kill the bombardier beetle!
The liquid fire burns you!
Your Ranged Weapons skill increases to level 9!
You are on fire!
The liquid fire burns you!
You are on fire!
The liquid fire burns you!
You are on fire!
The liquid fire burns you!
You are on fire!
The liquid fire burns you!
You are on fire!
The liquid fire burns you!
You are on fire!
The liquid fire burns you!
You die...

.............#
77777........#
7........#
7........#
7........##
7........... .
7...........
.#..77..####.###.
.#.....@# .#
.............#
#####..#.#####
.... .# ..... .#
....... ..
######. ## #.


There were no monsters in sight!

Vanquished Creatures
  A scorpion (D:4)
  A bombardier beetle (D:4)
  4 adders
  3 ribbon worms
  4 dart slugs
  2 orcs (D:3)
  9 ball pythons
  3 endoplasms
  4 giant cockroaches
  7 goblins
  7 hobgoblins
  3 jackals (D:1)
  4 quokkas
  3 bats
  5 frilled lizards
  2 kobolds
  3 rats (D:1)
65 creatures vanquished.

Notes
Turn   | Place    | Note
-------+----------+-------------------------------------------
     0 | D:1      | qw the Deep Elf Hunter began the quest for the Orb.
     0 | D:1      | Reached XP level 1. HP: 12/12 MP: 3/3
     0 | D:1      | 0 ||| qw: Version: 0.3-a-155-g5e7d8dd
     0 | D:1      | 0 ||| qw: Game counter: 2015
     0 | D:1      | 0 ||| qw: Melee chars always use a shield: true
     0 | D:1      | 0 ||| qw: God list: Okawaru
     0 | D:1      | 0 ||| qw: Allow faded altars: false
     0 | D:1      | 0 ||| qw: Do Orc after clearing Dungeon:15 true
     0 | D:1      | 0 ||| qw: Do second Lair branch before Depths: true
     0 | D:1      | 0 ||| qw: Lair rune preference: random
     0 | D:1      | 0 ||| qw: Goals: Normal
     0 | D:1      | 0 ||| PLANNING D:1-11
   110 | D:1      | Reached XP level 2. HP: 16/16 MP: 4/4
   115 | D:1      | Reached skill level 6 in Ranged Weapons
   241 | D:1      | Reached XP level 3. HP: 20/20 MP: 5/5
   424 | D:1      | 424 ||| UPGRADING to scarf of repulsion.
   429 | D:1      | 429 ||| READING scroll labelled PATSOM ADOAVOO.
   432 | D:1      | 432 ||| DROPPING scroll of butterflies.
   563 | D:2      | Reached skill level 7 in Ranged Weapons
   989 | D:2      | Found a glowing silver altar of Zin.
  1050 | D:2      | 1050 ||| READING scroll labelled JED PYFIRCHUR.
  1106 | D:3      | Reached XP level 4. HP: 25/25 MP: 6/6
  1243 | D:3      | Reached skill level 8 in Ranged Weapons
  1335 | D:3      | Found a hazy altar of Hepliaklqana.
  1721 | D:3      | Found a burning altar of Makhleb.
  1863 | D:3      | 1863 ||| UPGRADING to +0 helmet.
  1868 | D:3      | 1868 ||| READING 2 scrolls labelled OWIEZ QEUFARGH.
  1868 | D:3      | 1868 ||| IDENTIFYING fuming ruby potion
  1869 | D:3      | 1869 ||| READING scroll of identify.
  1869 | D:3      | 1869 ||| IDENTIFYING silvery potion
  1870 | D:3      | 1870 ||| DROPPING potion of brilliance.
  1937 | D:4      | Noticed a scorpion
  1938 | D:4      | 1938 ||| ZAPPING wand of paralysis (4) at -1,-7 (scorpion;
                  | floor).
  1939 | D:4      | 1939 ||| ZAPPING wand of paralysis (3) at 0,-6 (scorpion;
                  | floor).
  1940 | D:4      | 1940 ||| ZAPPING wand of paralysis (2) at 0,-4 (scorpion;
                  | floor).
  1941 | D:4      | 1941 ||| ZAPPING wand of paralysis (1) at 0,-3 (scorpion;
                  | floor).
  1953 | D:4      | Killed a scorpion
  1954 | D:4      | Reached XP level 5. HP: 17/29 MP: 7/7
  2033 | D:4      | Reached skill level 9 in Ranged Weapons
  2036 | D:4      | HP: 7/29 [burnt (4)]
  2038 | D:4      | Incinerated by a bombardier beetle

Levels and vault maps discovered:
D:1:      dpeg_arrival_triangle_fractal, layout_rooms, hex_tiny,
          minmay_tetromino_s2
D:2:      layout_loops_ring, basic_altar
D:3:      minmay_spotlight, layout_loops_cross, pf_just_have_faith,
          old_standard_altar, kennysheep_small_spiral, grunt_decor_fettered
D:4:      layout_basic, nicolae_ru_the_path_less_chosen,
          mainiacjoe_overflow_chevrons, mainiacjoe_overflow_tiny_flanked,
          temple_fountains

Skill      XL: |  1  2  3  4  5 |
---------------+----------------+-----
Ranged Weapons | 6 7 8 9 |  9.1
Fighting       | |  1.5
Dodging        | |  2.4
Stealth        | |  1.2

Action                     |  1- 3 |  4- 6 || total
---------------------------+-------+-------++-------
   Fire: Shortbow          |   125 |    89 ||   214
  Evoke: Wand              |       |     4 ||     4
    Use: Scroll            |     2 |     2 ||     4
 Armour: Leather armour    |    14 |    17 ||    31
  Dodge: Dodged            |    27 |    38 ||    65
         Repelled          |     1 |       ||     1

Table legend:
 A = Non-vault XP
 B = Vault XP
 C = Vault XP percentage of total XP
 D = Non-vault monster count
 E = Vault monster count
 F = Vault count percentage of total count
                 A         B        C        D         E       F
            +---------+---------+-------+---------+---------+-------
      Total |     267 |      28 |   9.5 |      56 |       9 |  13.8
            +---------+---------+-------+---------+---------+-------
        D:1 |      41 |       3 |   6.8 |      22 |       2 |   8.3
        D:2 |      49 |       0 |   0.0 |      16 |       0 |   0.0
        D:3 |      47 |      25 |  34.7 |      14 |       7 |  33.3
        D:4 |     130 |       0 |   0.0 |       4 |       0 |   0.0
            +---------+---------+-------+---------+---------+-------
